 Dungeon Crawl Stone Soup version 0.19.1 (webtiles) character file.

44 Ladykiller69 the Grasshopper (level 3, -1/16 HPs)
             Began as a Felid Warper on Dec 25, 2016.
             Succumbed to Sigmund's poison
             ... on level 2 of the Dungeon.
             The game lasted 00:03:41 (2076 turns).

Ladykiller69 the Grasshopper (Felid Warper)         Turns: 2076, Time: 00:03:41

Health: -1/16      AC:  1    Str:  4 (7)  XL:     3   Next: 41%
Magic:  5/7        EV: 19    Int: 13 (14) God:
Gold:   137        SH:  0    Dex: 14 (16) Spells: 2 memorised, 2 levels left
                                        Lives:  0   Deaths: 0

rFire  . . .     SeeInvis +       - Unarmed
rCold  . . .     Gourm    .     (armour unavailable)
rNeg   . . .     Faith    .     (shield unavailable)
rPois  .         Spirit   .     (helmet unavailable)
rElec  .         Reflect  .     (cloak unavailable)
rCorr  .         Harm     .     (gloves unavailable)
MR     .....                    (boots unavailable)
Stlth  ++........               (no amulet)
                                (no ring)
                                (no ring)

@: lethally poisoned (-1 -> -22), quick
A: no armour, no weapons or thrown items, stealth, claws 1, fangs 3, see
invisible, carnivore 3, speed 1, shaggy fur 1, slow metabolism 1, sharp paws
a: no special abilities


You were on level 2 of the Dungeon.
You were completely stuffed.

You visited 1 branch of the dungeon, and saw 2 of its levels.

You collected 137 gold pieces.

Inventory:

Jewellery
 j - a +6 amulet of reflection {unknown}
 q - a +3 amulet of reflection {unknown}
 r - an uncursed ring of protection from fire {unknown}
Scrolls
 b - 2 scrolls of blinking
 e - a scroll of remove curse {unknown}
 l - 2 scrolls of amnesia {unknown}
 n - 2 scrolls of noise {unknown}
 p - 2 scrolls of identify {unknown}
Potions
 d - 2 potions of degeneration
 f - a potion of heal wounds {unknown}
 g - 2 potions of berserk rage {unknown}
 h - a potion of flight {unknown}
 i - a potion of magic {unknown}
 m - a potion of haste {unknown}
Books
 a - a book of Spatial Translocations

   Spells                             Type                      Level
   a - Blink                          Translocation                2
   b - Shroud of Golubria             Charms/Translocation         2
   c - Lesser Beckoning               Translocation                3
   d - Portal Projectile              Translocation                3
   e - Teleport Other                 Translocation                3
   f - Passage of Golubria            Translocation                4
Comestibles
 c - 2 meat rations
 k - a beef jerky


   Skills:
 + Level 2.5 Fighting
 + Level 4.1 Dodging
 + Level 0.8 Stealth
 * Level 2.7 Unarmed Combat
 - Level 2.0 Spellcasting
 - Level 4.4 Translocations


You had 2 spell levels left.
You knew the following spells:

 Your Spells              Type           Power        Failure   Level  Hunger
a - Shroud of Golubria    Chrm/Tloc      #.........   17%         2    ###....
b - Blink                 Tloc           N/A          10%         2    ###....


Dungeon Overview and Level Annotations

Branches:
Dungeon (2/15)

Altars:
Okawaru

Annotations:
D:2 Sigmund


Innate Abilities, Weirdness & Mutations

You cannot wear armour.
You are incapable of wielding weapons or throwing items.
Your paws allow you to move quietly. (Stealth)
You have sharp claws.
You have razor-sharp teeth.
You have supernaturally acute eyesight. (SInv)
You are carnivorous and can eat meat at any time.
You cover ground quickly.
You are covered in fur. (AC +1)
You have a slow metabolism.
Your sharp claws are effective at attacking unaware monsters.


Message History

Casting: Shroud of Golubria
Confirm with . or Enter, or press ? or * to list all spells.
Space distorts slightly along a thin shroud covering your body.
Sigmund hits you from afar with a scythe of venom.
You are poisoned.
You feel sick. Sigmund barely misses you.
You scratch Sigmund but do no damage.
You feel sick.
Sigmund hits you with a scythe of venom!
Ouch! That really hurt!
* * * LOW HITPOINT WARNING * * *
Your shroud falls apart!
You are more poisoned.
You scratch Sigmund.
Sigmund is lightly wounded.
* * * LOW HITPOINT WARNING * * *
You feel sick.
It was a potion of degeneration.
There was something very wrong with that liquid.
You feel weakened.
You feel dopey.
You feel clumsy.
You die...

.......#......#........
..............#........
.......#......#........
.......#......#........
.......#......#........
...#...#......#........
♣......#.[....#.......@
.♣.....#####..#@#######.#
♣.♣.....#.......@.......#
.♣.♣....#...............#
♣.♣.....#...............#
.♣)....................##
♣......................#
...#....................#
........................#
#####......############.#
...........#


You could see Sigmund.

Vanquished Creatures
  An ooze (D:1)
  2 dart slugs
  A ball python (D:1)
  2 giant cockroaches (D:1)
  5 goblins
  4 hobgoblins
  2 jackals (D:1)
  A quokka (D:2)
  4 bats
  2 frilled lizards (D:2)
  4 kobolds
  7 rats
35 creatures vanquished.

Notes
Turn   | Place    | Note
-------+----------+-------------------------------------------
     0 | D:1      | Ladykiller69 the Felid Warper began the quest for the Orb.
     0 | D:1      | Reached XP level 1. HP: 9/9 MP: 4/4
   385 | D:1      | Reached XP level 2. HP: 11/13 MP: 6/6
  1002 | D:1      | Reached XP level 3. HP: 14/16 MP: 7/7
  1474 | D:2      | Found an iron altar of Okawaru.
  1940 | D:2      | Learned a level 2 spell: Shroud of Golubria
  1943 | D:2      | Learned a level 2 spell: Blink
  2062 | D:2      | Noticed Sigmund
  2076 | D:2      | Succumbed to Sigmund's poison

Skill      XL: |  1  2  3 |
---------------+----------+-----
Dodging        | 4 |  4.1
Fighting       | |  2.5
Stealth        | |  0.8
Unarmed Combat | |  2.7
Spellcasting   | |  2.0
Translocations | |  4.4

Action                   || total
-------------------------++-------
Melee: Unarmed           ||   116
       Bite              ||     9
 Cast: Shroud of Golubri ||     2
  Use: Potion            ||     1
 Stab: Sleeping          ||     5
  Eat: Chunk             ||    10
Armor: Skin              ||     6
Dodge: Dodged            ||    78
